TOP OF THE 1ST |
Erie Jaxx batting - Pitching for Cincinnati Pride : RHP Armando Rocha
|
Pitching: RHP Armando Rocha
|
|
Batting: LHB Kyle Robbins
|
0-0: Called Strike 0-1: Ball 1-1: Ball 2-1: Foul Ball, location: 2F 2-2: Fly out, F9 (Flyball, 89S)
|
Batting: RHB Alfredo Ramírez
|
0-0: Called Strike 0-1: Foul Ball, location: 2F 0-2: Ball 1-2: Ball 2-2: Ball 3-2: Ground out 3-1 (Groundball, 34S)
|
Batting: RHB Ed Keesee
|
0-0: Ball 1-0: DOUBLE (Line Drive, 78D)
|
Batting: SHB Michael Field
|
0-0: Swinging Strike 0-1: Ball 1-1: Foul Ball, location: 2F 1-2: Ball 2-2: Strikes out swinging
|
Top of the 1st over - 0 run(s), 1 hit(s), 0 error(s), 1 left on base; Erie 0 - Cincinnati 0 |
BOTTOM OF THE 1ST |
Cincinnati Pride batting - Pitching for Erie Jaxx : LHP Jason Dean
|
Pitching: LHP Jason Dean
|
|
Batting: SHB Jaime Martínez
|
0-0: Ball 1-0: Ball 2-0: Ball 3-0: Base on Balls
|
Batting: RHB Wilson Flores
|
0-0: Ball 1-0: Foul Ball, location: 2F 1-1: Ball 2-1: Ball 3-1: Called Strike 3-2: Base on Balls Jaime Martínez to second
|
Batting: LHB John Clark
|
0-0: Fly out, F8 (Flyball, 8RD)
|
Batting: LHB Gabriel Aragón
|
0-0: Called Strike 0-1: Ball Wild Pitch! Jaime Martínez to third Wilson Flores to second 1-1: Foul Ball, location: 2F 1-2: Ground out 1-3 (Groundball, 15S)
|
Batting: RHB Jorge Flores
|
0-0: Ball 1-0: Called Strike 1-1: Ball 2-1: Ball 3-1: Base on Balls
|
Batting: LHB Paco Córdova
|
0-0: Fly out, F8 (Flyball, 8RM)
|
Bottom of the 1st over - 0 run(s), 0 hit(s), 0 error(s), 3 left on base; Erie 0 - Cincinnati 0 |
TOP OF THE 2ND |
Erie Jaxx batting - Pitching for Cincinnati Pride : RHP Armando Rocha
|
Batting: RHB William Wilson
|
0-0: Ground out 5-3 (Groundball, 56)
|
Batting: RHB Edgardo Castro
|
0-0: Called Strike 0-1: Foul Ball, location: 2F 0-2: Ball 1-2: Ball 2-2: Ball 3-2: Strikes out swinging passed ball, reaches first!
|
Batting: RHB Andrés Silva
|
0-0: Ball 1-0: Ball Edgardo Castro steals 2nd base 2-0: Ball Wild Pitch! Edgardo Castro to third 3-0: Base on Balls
|
Batting: RHB George Medine
|
0-0: Called Strike 0-1: Ball 1-1: Ball 2-1: SINGLE (Flyball, 8RS) Edgardo Castro scores Andrés Silva to second
|
Batting: LHB Bill Handy
|
0-0: Ball 1-0: Called Strike 1-1: Ball 2-1: Foul Ball, location: 2F 2-2: Foul Ball, location: 2F 2-2: Ball 3-2: Base on Balls Andrés Silva to third George Medine to second
|
Batting: LHB Kyle Robbins
|
0-0: Swinging Strike 0-1: Called Strike 0-2: Ball 1-2: Ball 2-2: Foul Ball, location: 2F 2-2: Fly out, F8 (Flyball, 8LM)
|
Batting: RHB Alfredo Ramírez
|
0-0: Called Strike 0-1: SINGLE (Groundball, 4) (infield hit) Andrés Silva scores George Medine to third Bill Handy to second
|
Batting: RHB Ed Keesee
|
0-0: Fly out, F5 (Line Drive, 5)
|
Top of the 2nd over - 2 run(s), 2 hit(s), 0 error(s), 3 left on base; Erie 2 - Cincinnati 0 |
BOTTOM OF THE 2ND |
Cincinnati Pride batting - Pitching for Erie Jaxx : LHP Jason Dean
|
Batting: RHB Bartolo Montero
|
0-0: Ground out 5-3 (Groundball, 56S)
|
Batting: RHB Pete Woods
|
0-0: Ball 1-0: Called Strike 1-1: Swinging Strike 1-2: Strikes out swinging
|
Batting: RHB Dave Crawford
|
0-0: Swinging Strike 0-1: Fly out, F9 (Flyball, 9LM)
|
Bottom of the 2nd over - 0 run(s), 0 hit(s), 0 error(s), 0 left on base; Erie 2 - Cincinnati 0 |
TOP OF THE 3RD |
Erie Jaxx batting - Pitching for Cincinnati Pride : RHP Armando Rocha
|
Batting: SHB Michael Field
|
0-0: Ball 1-0: Ball 2-0: Foul Ball, location: 2F 2-1: Foul Ball, location: 2F 2-2: Foul Ball, location: 2F 2-2: Ball 3-2: Base on Balls
|
Batting: RHB William Wilson
|
0-0: Called Strike 0-1: Fielders Choice at 2nd, 3-6 (Groundball, 34D)
|
Batting: RHB Edgardo Castro
|
0-0: Ball 1-0: Ball 2-0: Swinging Strike 2-1: Ball 3-1: Swinging Strike 3-2: Strikes out swinging William Wilson steals 2nd base Batter strikes out.
|
Batting: RHB Andrés Silva
|
0-0: Foul Ball, location: 2F 0-1: Called Strike 0-2: Ball 1-2: Foul Ball, location: 2F 1-2: Fly out, F7 (Line Drive, 78M)
|
Top of the 3rd over - 0 run(s), 0 hit(s), 0 error(s), 1 left on base; Erie 2 - Cincinnati 0 |
BOTTOM OF THE 3RD |
Cincinnati Pride batting - Pitching for Erie Jaxx : LHP Jason Dean
|
Batting: SHB Jaime Martínez
|
0-0: Swinging Strike 0-1: Ground out 5-3 (Groundball, 25)
|
Batting: RHB Wilson Flores
|
0-0: Ball 1-0: Called Strike 1-1: SINGLE (Line Drive, 56D)
|
Batting: LHB John Clark
|
0-0: Swinging Strike 0-1: Ball 1-1: Ball 2-1: Called Strike 2-2: Foul Ball, location: 2F 2-2: Strikes out swinging
|
Batting: LHB Gabriel Aragón
|
0-0: Called Strike 0-1: Ball 1-1: Called Strike 1-2: Ground out 4-3 (Groundball, 34)
|
Bottom of the 3rd over - 0 run(s), 1 hit(s), 0 error(s), 1 left on base; Erie 2 - Cincinnati 0 |
TOP OF THE 4TH |
Erie Jaxx batting - Pitching for Cincinnati Pride : RHP Armando Rocha
|
Batting: RHB George Medine
|
0-0: Swinging Strike 0-1: DOUBLE (Line Drive, 9LM)
|
Batting: LHB Bill Handy
|
0-0: Swinging Strike 0-1: Foul Ball, location: 2F 0-2: Foul Ball, location: 2F 0-2: Ground out 4-3 (Groundball, 4) George Medine to third
|
Batting: LHB Kyle Robbins
|
0-0: Ball 1-0: Ball 2-0: Ball 3-0: Called Strike 3-1: Ground out 6-3 (Groundball, 6D) George Medine scores
|
Batting: RHB Alfredo Ramírez
|
0-0: Called Strike 0-1: Swinging Strike 0-2: Ball 1-2: Ball 2-2: Foul Ball, location: 2F 2-2: Foul Ball, location: 2F 2-2: Strikes out swinging
|
Top of the 4th over - 1 run(s), 1 hit(s), 0 error(s), 0 left on base; Erie 3 - Cincinnati 0 |
BOTTOM OF THE 4TH |
Cincinnati Pride batting - Pitching for Erie Jaxx : LHP Jason Dean
|
Batting: RHB Jorge Flores
|
0-0: Swinging Strike 0-1: Called Strike 0-2: Foul Ball, location: 2F 0-2: Reached on error, E6 (Groundball, 6)
|
Batting: LHB Paco Córdova
|
0-0: Ball 1-0: Ball 2-0: Foul Ball, location: 2F 2-1: Ball 3-1: Base on Balls Jorge Flores to second
|
Batting: RHB Bartolo Montero
|
0-0: Swinging Strike 0-1: Ball 1-1: Foul Ball, location: 2F 1-2: Foul Ball, location: 2F 1-2: Ball 2-2: Ball 3-2: Base on Balls Jorge Flores to third Paco Córdova to second
|
Batting: RHB Pete Woods
|
0-0: Ball 1-0: Called Strike 1-1: Foul Ball, location: 2F 1-2: Strikes out swinging
|
Batting: RHB Dave Crawford
|
0-0: Called Strike 0-1: Ball 1-1: Foul Ball, location: 2F 1-2: Foul Ball, location: 2F 1-2: Ball 2-2: Strikes out looking
|
Batting: SHB Jaime Martínez
|
0-0: Called Strike 0-1: Swinging Strike 0-2: Fielders Choice at 2nd, 6-4 (Groundball, 56)
|
Bottom of the 4th over - 0 run(s), 0 hit(s), 1 error(s), 2 left on base; Erie 3 - Cincinnati 0 |
TOP OF THE 5TH |
Erie Jaxx batting - Pitching for Cincinnati Pride : RHP Armando Rocha
|
Pitching: RHP Basilio Bea
|
|
Batting: RHB Ed Keesee
|
0-0: Called Strike 0-1: Ball 1-1: Foul Ball, location: 2F 1-2: Foul Ball, location: 2F 1-2: Ball 2-2: Ground out 5-3 (Groundball, 56)
|
Batting: SHB Michael Field
|
0-0: Ground out 3-1 (Groundball, 34)
|
Batting: RHB William Wilson
|
0-0: Foul Ball, location: 2F 0-1: Foul Ball, location: 2F 0-2: Ball 1-2: Strikes out swinging
|
Top of the 5th over - 0 run(s), 0 hit(s), 0 error(s), 0 left on base; Erie 3 - Cincinnati 0 |
BOTTOM OF THE 5TH |
Cincinnati Pride batting - Pitching for Erie Jaxx : LHP Jason Dean
|
Batting: RHB Wilson Flores
|
0-0: Ball 1-0: Bunt missed! 1-1: Foul Ball, location: 2F 1-2: Ball 2-2: SINGLE (Groundball, 4MD)
|
Batting: LHB John Clark
|
0-0: Hit by Pitch Wilson Flores to second
|
Batting: LHB Gabriel Aragón
|
0-0: Foul Ball, location: 2F 0-1: Ball 1-1: Ball 2-1: Foul Ball, location: 2F 2-2: Foul Ball, location: 2F 2-2: Ball 3-2: Base on Balls Wilson Flores to third John Clark to second
|
Pitching: RHP Steve Bigham
|
|
Batting: RHB Jorge Flores
|
0-0: Ball 1-0: Grounds into double play, 5-4-3 (Groundball, 56) Wilson Flores scores John Clark to third
|
Batting: LHB Paco Córdova
|
0-0: Called Strike 0-1: Swinging Strike 0-2: Foul Ball, location: 2F 0-2: Foul Ball, location: 2F 0-2: Foul Ball, location: 2F 0-2: Strikes out swinging
|
Bottom of the 5th over - 1 run(s), 1 hit(s), 0 error(s), 1 left on base; Erie 3 - Cincinnati 1 |
TOP OF THE 6TH |
Erie Jaxx batting - Pitching for Cincinnati Pride : RHP Basilio Bea
|
Batting: RHB Edgardo Castro
|
0-0: Ball 1-0: Ball 2-0: Foul Ball, location: 2F 2-1: Ball 3-1: Ground out 6-3 (Groundball, 6)
|
Batting: RHB Andrés Silva
|
0-0: Ball 1-0: Ball 2-0: Fly out, F8 (Flyball, 8LM)
|
Batting: RHB George Medine
|
0-0: Called Strike 0-1: Ball 1-1: Called Strike 1-2: Ball 2-2: Ball 3-2: Base on Balls
|
Batting: LHB Bill Handy
|
0-0: Ball 1-0: Ball 2-0: Ball 3-0: Base on Balls George Medine to second
|
Batting: LHB Kyle Robbins
|
0-0: Ball 1-0: Fly out, F8 (Flyball, 8RM)
|
Top of the 6th over - 0 run(s), 0 hit(s), 0 error(s), 2 left on base; Erie 3 - Cincinnati 1 |
BOTTOM OF THE 6TH |
Cincinnati Pride batting - Pitching for Erie Jaxx : RHP Steve Bigham
|
Batting: RHB Bartolo Montero
|
0-0: Ball 1-0: Foul Ball, location: 2F 1-1: Foul Ball, location: 2F 1-2: Foul Ball, location: 2F 1-2: Strikes out swinging
|
Batting: RHB Pete Woods
|
0-0: Called Strike 0-1: Fly out, F9 (Flyball, 9S)
|
Batting: RHB Dave Crawford
|
0-0: Called Strike 0-1: Foul Ball, location: 2F 0-2: Ball 1-2: Foul Ball, location: 2F 1-2: Foul Ball, location: 2F 1-2: Fly out, F9 (Flyball, 9LS)
|
Bottom of the 6th over - 0 run(s), 0 hit(s), 0 error(s), 0 left on base; Erie 3 - Cincinnati 1 |
TOP OF THE 7TH |
Erie Jaxx batting - Pitching for Cincinnati Pride : RHP Basilio Bea
|
Batting: RHB Alfredo Ramírez
|
0-0: Foul Ball, location: 2F 0-1: Foul Ball, location: 2F 0-2: Strikes out looking
|
Batting: RHB Ed Keesee
|
0-0: Ball 1-0: Called Strike 1-1: Fly out, F6 (Popup, 6D)
|
Batting: SHB Michael Field
|
0-0: Ball 1-0: Ball 2-0: Ball 3-0: Called Strike 3-1: Called Strike 3-2: Foul Ball, location: 2F 3-2: Foul Ball, location: 2F 3-2: SINGLE (Line Drive, 4MD)
|
Batting: RHB William Wilson
|
0-0: Ball 1-0: Called Strike 1-1: Ball 2-1: Fly out, F8 (Flyball, 78M)
|
Top of the 7th over - 0 run(s), 1 hit(s), 0 error(s), 1 left on base; Erie 3 - Cincinnati 1 |
BOTTOM OF THE 7TH |
Cincinnati Pride batting - Pitching for Erie Jaxx : RHP Steve Bigham
|
Batting: SHB Jaime Martínez
|
0-0: Called Strike 0-1: Ground out 4-3 (Groundball, 4)
|
Batting: RHB Wilson Flores
|
0-0: Foul Ball, location: 2F 0-1: Ball 1-1: SINGLE (Groundball, 56D)
|
Batting: LHB John Clark
|
0-0: Called Strike 0-1: Ball 1-1: Ball 2-1: Swinging Strike 2-2: Fly out, F8 (Flyball, 8LM)
|
Batting: LHB Gabriel Aragón
|
0-0: Ball 1-0: Ball Wilson Flores steals 2nd base 2-0: Ball 3-0: Called Strike 3-1: Swinging Strike 3-2: Strikes out swinging
|
Bottom of the 7th over - 0 run(s), 1 hit(s), 0 error(s), 1 left on base; Erie 3 - Cincinnati 1 |
TOP OF THE 8TH |
Erie Jaxx batting - Pitching for Cincinnati Pride : RHP Basilio Bea
|
Pitching: LHP Pedro Castro
|
|
Batting: RHB Edgardo Castro
|
0-0: Ball 1-0: Ball 2-0: SINGLE (Groundball, 56D)
|
Batting: RHB Andrés Silva
|
0-0: Ball 1-0: Foul Ball, location: 2F 1-1: Foul Ball, location: 2F 1-2: Strikes out swinging
|
Batting: RHB George Medine
|
0-0: Ball 1-0: Foul Ball, location: 2F 1-1: DOUBLE (Line Drive, 78M) Edgardo Castro to third
|
Batting: LHB Bill Handy
|
0-0: Intentional Walk
|
Batting: LHB Kyle Robbins
|
0-0: Ball 1-0: Grounds into fielders choice 4-2 (Groundball, 4) George Medine to third Bill Handy to second
|
Batting: RHB Alfredo Ramírez
|
0-0: Ball 1-0: Fly out, F9 (Flyball, 9S)
|
Top of the 8th over - 0 run(s), 2 hit(s), 0 error(s), 3 left on base; Erie 3 - Cincinnati 1 |
BOTTOM OF THE 8TH |
Cincinnati Pride batting - Pitching for Erie Jaxx : RHP Steve Bigham
|
Batting: RHB Jorge Flores
|
0-0: Ball 1-0: Foul Ball, location: 2F 1-1: Ball 2-1: DOUBLE (Flyball, 8LXD)
|
Pitching: LHP Todd Anderson
|
|
Batting: LHB Paco Córdova
|
0-0: Ball 1-0: Called Strike 1-1: Ball 2-1: Ball 3-1: Base on Balls
|
Pitching: RHP Ernest Elliott
|
|
Batting: RHB Bartolo Montero
|
0-0: Ball 1-0: Sac Bunt - play at third, runner OUT! 1-5 Paco Córdova to second
|
Pinch Hitting: RHB Roger Rush
|
0-0: Ball 1-0: Ball 2-0: Swinging Strike 2-1: Called Strike 2-2: Strikes out looking
|
Pinch Hitting: RHB Keith Sheehan
|
0-0: Swinging Strike 0-1: Called Strike 0-2: Ball 1-2: Ball 2-2: Ball 3-2: Base on Balls Paco Córdova to third Bartolo Montero to second
|
Pinch Hitting: RHB Álex Hernández
|
0-0: Foul Ball, location: 2F 0-1: Foul Ball, location: 2F 0-2: Ball 1-2: SINGLE (Groundball, 34S) (infield hit) Paco Córdova scores Bartolo Montero to third Keith Sheehan to second
|
Batting: RHB Wilson Flores
|
0-0: Swinging Strike 0-1: Ground out 1-3 (Groundball, 13S)
|
Bottom of the 8th over - 1 run(s), 2 hit(s), 0 error(s), 3 left on base; Erie 3 - Cincinnati 2 |
BOTTOM OF THE 9TH |
Cincinnati Pride batting - Pitching for Erie Jaxx : RHP Ernest Elliott
|
Pitching: LHP Rafael Romero
|
|
Now at C: José Hernández
|
|
Batting: LHB John Clark
|
0-0: Ball 1-0: Ball 2-0: SINGLE (Groundball, 5D)
|
Pinch Runner at 1st Jorge Hernández:
|
|
Batting: LHB Gabriel Aragón
|
0-0: Ball 1-0: Ball 2-0: Ball 3-0: Called Strike 3-1: Swinging Strike 3-2: Foul Ball, location: 2F 3-2: Foul Ball, location: 2F 3-2: Foul Ball, location: 2F 3-2: Base on Balls Jorge Hernández to second
|
Batting: RHB Jorge Flores
|
0-0: Foul Ball, location: 2F 0-1: Swinging Strike 0-2: Ball 1-2: Strikes out swinging
|
Pinch Hitting: RHB Jorge Silva
|
0-0: 3-RUN HOME RUN (Flyball, 8RXD), Distance : 443 ft
|
Tuesday, August 8th, 2017 - OOTP Baseball 17.12 Build 75
|
|